Description

Bang

Build Order

Why is there no SALT encoding or Overwolf build?

    0:24  Pylon  
    0:46  Forge  
    1:06  Gateway  
    1:16  Pylon  
    1:25  Assimilator  
    1:35  Photon Cannon  
    2:09  Nexus  
    2:10  Photon Cannon  
    2:32  Cybernetics Core  
    2:40  Assimilator  
      Pylon  
      Warp Gate  
      Stalker  
      Assimilator  
      Stalker  
    4:03  Gateway  
      Pylon  
      Assimilator  
    4:31  Stargate  
    4:33  Stargate  
    4:39  Stargate  mass oracle and attack
Spawning Tool Build Advisor. Get it on Overwolf

Go to:

Details

  • Created by: asdfer4t
  • Published on: Jan 28, 2025
  • Modified on: Jan 28, 2025
  • Patch: 5.0.11
  • Difficulty: Medium
Show

Export as new Build Order

Comments (0)

There are no comments. Be the first!

Create an account to comment!